Map: [ESL] Oceanborn

Players

GunGFuBanDa

  • Race: Protoss Protoss
  • League: Master
  • Spawn Location: 11:00

Classic - Winner!

  • Race: Protoss Protoss
  • Spawn Location: 5:00

Event: IEM Katowice 2024

VOD

Have the link to the VOD?

Description

Time

  • Played on: Dec. 7, 2023, 2:09 p.m.
  • Length: 16:38

All games in this series

Show
View Real Time Build Order
Export as new Build Order

GunGFuBanDa Protoss 

Build Orders: Oracle Opening 

Get SALT Encoding   

  12  0:00  Probe  
  13  0:12  Probe  
  14  0:18  Pylon  
  14  0:24  Probe (Chrono Boost)  
  15  0:36  Gateway  
  15  0:37  Probe (Chrono Boost)  
  16  0:44  Probe (Chrono Boost)  
  16  0:45  Assimilator  
  17  0:51  Probe  
  17  0:53  Assimilator  
  18  1:03  Probe (Chrono Boost)  
  19  1:07  Gateway  
  19  1:13  Probe (Chrono Boost)  
  19  1:18  Probe (Chrono Boost)  
  20  1:25  Cybernetics Core  
  21  1:30  Probe  
  22  1:38  Pylon  
  22  1:42  Probe  
  23  1:56  Probe  
  23  2:01  Stalker x2  
  26  2:04  Warp Gate  
  28  2:19  Pylon  
  28  2:32  Stalker  
  30  2:37  Probe, Stalker  
  33  2:44  Stargate  
  33  3:04  Shield Battery  
  32  3:14  Nexus  
  32  3:25  Oracle (Chrono Boost)  
  32  3:33  Pylon  
  35  3:35  Shield Battery  
  35  3:54  Probe  
  35  3:55  Oracle  
  39  3:59  Stalker x2  
  43  4:06  Probe  
  44  4:13  Shield Battery  
  44  4:19  Twilight Council  
  44  4:21  Probe  
  45  4:38  Stalker x2  
  45  4:41  Probe x2  
  45  4:42  Shield Battery  
  51  4:53  Probe x2  
  51  4:55  Phoenix (Chrono Boost)  
  55  5:05  Probe (Chrono Boost)  
  57  5:07  Probe (Chrono Boost)  
  56  5:18  Probe (Chrono Boost)  
  53  5:23  Probe (Chrono Boost)  
  53  5:25  Probe (Chrono Boost)  
  53  5:26  Stalker  
  52  5:30  Probe  
  52  5:39  Probe  
  54  5:43  Blink (Chrono Boost), Probe (Chrono Boost)  
  54  5:52  Probe (Chrono Boost)  
  56  6:00  Probe (Chrono Boost)  
  56  6:01  Probe (Chrono Boost)  
  57  6:06  Probe x2 (Chrono Boost)  
  59  6:18  Probe x2  
  58  6:24  Pylon  
  58  6:27  Sentry  
  58  6:30  Shield Battery, Probe x2  
  58  6:32  Assimilator  
  62  6:42  Probe x2  
  62  6:45  Stalker  
  66  6:49  Nexus, Pylon  
  66  6:54  Probe  
  66  6:56  Probe  
  68  7:02  Forge  
  68  7:06  Probe, Pylon  
  68  7:07  Sentry  
  72  7:08  Probe  
  72  7:18  Probe  
  72  7:20  Probe  
  74  7:24  Pylon  
  74  7:29  Stalker  
  76  7:30  Stalker  
  76  7:31  Protoss Ground Weapons Level 1 (Chrono Boost)  
  76  7:32  Probe (Chrono Boost)  
  76  7:35  Shield Battery, Probe (Chrono Boost)  
  80  7:37  Robotics Facility  
  80  7:42  Probe (Chrono Boost)  
  80  7:45  Probe (Chrono Boost)  
  80  7:47  Probe (Chrono Boost)  
  80  7:49  Pylon  
  81  7:52  Shield Battery  
  81  7:54  Gateway  
  81  7:56  Gateway  
  79  8:01  Sentry, Stalker  
  79  8:02  Probe  
  79  8:03  Probe  
  85  8:06  Probe  
  85  8:15  Probe (Chrono Boost)  
  85  8:20  Probe (Chrono Boost)  
  85  8:22  Probe (Chrono Boost)  
  85  8:26  Observer (Chrono Boost)  
  88  8:32  Probe x2 (Chrono Boost)  
  90  8:35  Probe (Chrono Boost)  
  90  8:36  Probe (Chrono Boost), Pylon  
  90  8:37  Assimilator  
  90  8:38  Assimilator  
  90  8:39  Pylon, Probe (Chrono Boost)  
  90  8:41  Stalker  
  90  8:42  Stalker  
  90  8:44  Immortal (Chrono Boost)  
  90  8:47  Pylon  
  98  8:53  Assimilator  
  98  8:54  Probe  
  99  8:59  Probe  
  100  9:03  Robotics Bay  
  100  9:08  Shield Battery  
  100  9:13  Stalker x4  
  100  9:14  Immortal (Chrono Boost)  
  112  9:21  Protoss Ground Weapons Level 2 (Chrono Boost)  
  112  9:24  Probe  
  113  9:27  Photon Cannon  
  113  9:34  Gateway  
  113  9:35  Gateway  
  113  9:40  Pylon  
  113  9:44  Pylon  
  113  9:50  Observer (Chrono Boost)  
  114  9:53  Charge  
  114  9:55  Observer  
  114  9:59  Gateway  
  114  10:00  Gateway  
  114  10:01  Stalker x2  
  114  10:02  Stalker x2  
  114  10:03  Disruptor (Chrono Boost)  
  126  10:12  Probe  
  127  10:16  Photon Cannon  
  127  10:34  Observer  
  127  10:36  Stalker x3  
  127  10:37  Disruptor (Chrono Boost)  
  127  10:41  Stalker x2  
  127  10:42  Stalker  
  143  10:45  Dark Shrine  
  143  10:47  Photon Cannon, Pylon  
  143  10:49  Pylon  
  143  11:05  Nexus  
  143  11:07  Pylon  
  143  11:09  Disruptor (Chrono Boost), Stalker  
  143  11:10  Stalker x2  
  153  11:13  Pylon  
  153  11:22  Stalker  
  153  11:30  Stalker x3  
  153  11:31  Stalker  
  155  11:39  Shield Battery  
  153  11:41  Shield Battery  
  153  11:42  Protoss Ground Weapons Level 3 (Chrono Boost)  
  153  11:43  Photon Cannon  
  153  11:44  Phoenix  
  153  11:46  Probe x2  
  154  12:00  Disruptor (Chrono Boost)  
  152  12:01  Stalker x8  
  172  12:19  Pylon  
  170  12:28  Dark Templar  
  171  12:42  Zealot x6  
  179  12:45  Nexus  
  179  12:47  Pylon  
  178  12:53  Disruptor, Photon Cannon x2  
  180  13:01  Photon Cannon  
  180  13:02  Probe  
  180  13:03  Shadow Stride (Chrono Boost)  
  181  13:15  Shield Battery  
  173  13:24  Stalker x2  
  173  13:25  Stalker x5  
  187  13:27  Warp Prism (Chrono Boost)  
  127  14:00  Stalker x8  
  139  14:09  Probe x2  
  141  14:10  Protoss Shields Level 1 (Chrono Boost)  
  141  14:12  Observer  
  141  14:15  Observer  
  142  14:18  Gravitic Drive (Chrono Boost)  
  142  14:24  Dark Templar x2  
  142  14:25  Dark Templar x2  
  150  14:34  Dark Templar, Zealot x2  
  156  14:39  Pylon  
  154  15:02  Gateway  
  138  15:08  Gravitic Boosters  
  138  15:13  Stalker  
  138  15:14  Stalker x7  
  132  15:24  Nexus  
  132  15:26  Pylon  
  132  15:34  Forge  
  132  15:36  Gateway  
  132  15:38  Gateway  
  126  15:44  Stalker x4  
  126  15:45  Stalker  
  134  15:51  Stalker  
  133  16:04  Stalker x3  
  125  16:16  Stalker x5  
Show
View Real Time Build Order
Export as new Build Order

Classic Protoss - Winner!

Build Orders: Carriers 

Get SALT Encoding   

  12  0:00  Probe  
  13  0:12  Probe  
  14  0:17  Pylon  
  14  0:24  Probe  
  15  0:35  Gateway  
  15  0:37  Probe (Chrono Boost)  
  16  0:47  Assimilator, Probe (Chrono Boost)  
  17  0:52  Probe (Chrono Boost)  
  18  0:58  Assimilator  
  18  1:03  Probe (Chrono Boost)  
  19  1:09  Gateway  
  19  1:13  Probe (Chrono Boost)  
  19  1:18  Probe (Chrono Boost)  
  21  1:26  Cybernetics Core  
  21  1:30  Probe  
  22  1:36  Pylon  
  22  1:42  Probe  
  23  1:54  Pylon, Probe  
  24  2:02  Adept x2  
  24  2:03  Warp Gate (Chrono Boost)  
  28  2:16  Pylon  
  28  2:32  Adept x2  
  32  2:50  Nexus  
  32  3:02  Adept x2  
  36  3:12  Robotics Facility  
  36  3:19  Pylon  
  36  3:24  Shield Battery  
  36  3:31  Probe  
  37  3:44  Adept x2  
  41  3:51  Probe (Chrono Boost)  
  42  3:59  Warp Prism (Chrono Boost)  
  42  4:02  Probe (Chrono Boost)  
  43  4:07  Probe x2 (Chrono Boost)  
  47  4:15  Sentry x2  
  51  4:17  Probe x2  
  51  4:23  Pylon  
  50  4:42  Stalker x2  
  52  4:50  Probe x2  
  52  5:02  Probe x2  
  54  5:07  Stalker x2  
  58  5:14  Probe x2  
  58  5:18  Pylon  
  56  5:22  Immortal (Chrono Boost)  
  56  5:27  Probe  
  57  5:31  Probe  
  54  5:38  Stalker  
  54  5:39  Stalker  
  58  5:43  Probe x2  
  58  5:49  Twilight Council  
  60  5:55  Probe x2  
  60  5:56  Observer  
  63  6:02  Stalker x2  
  67  6:05  Assimilator  
  67  6:07  Pylon  
  67  6:10  Probe  
  67  6:11  Probe  
  69  6:20  Blink (Chrono Boost)  
  69  6:21  Gateway  
  69  6:38  Nexus  
  69  6:39  Pylon  
  69  6:41  Probe x2  
  69  6:45  Gateway  
  71  6:48  Sentry  
  71  6:53  Immortal (Chrono Boost)  
  78  7:01  Probe x2  
  78  7:05  Pylon  
  79  7:13  Probe x2, Adept x2  
  85  7:17  Stalker  
  87  7:26  Probe x2  
  89  7:33  Forge  
  87  7:49  Stalker x4  
  95  7:51  Probe x2 (Chrono Boost)  
  95  7:55  Protoss Ground Weapons Level 1 (Chrono Boost)  
  95  7:57  Probe (Chrono Boost)  
  94  8:08  Gateway x2  
  94  8:11  Gateway  
  94  8:14  Gateway, Probe x3  
  95  8:27  Stalker x4, Pylon  
  95  8:31  Probe x3  
  95  8:32  Assimilator  
  104  8:35  Assimilator  
  104  8:48  Immortal (Chrono Boost), Probe x3  
  107  8:51  Templar Archives  
  111  8:58  Nexus  
  111  9:00  Pylon  
  111  9:06  Pylon  
  111  9:10  Assimilator  
  111  9:14  Charge (Chrono Boost)  
  111  9:20  Immortal  
  111  9:23  Pylon  
  115  9:28  Protoss Ground Weapons Level 2 (Chrono Boost), Stalker x2  
  115  9:29  Stalker x2  
  123  9:42  Zealot x4  
  131  9:46  Stargate  
  131  9:48  Pylon  
  131  9:54  Probe x3  
  131  9:59  Pylon  
  134  10:04  High Templar x2, Zealot  
  134  10:05  Zealot x2  
  134  10:06  Zealot  
  146  10:08  Archon  
  146  10:10  Zealot  
  146  10:11  Zealot  
  150  10:18  Probe x2  
  150  10:19  Probe x2  
  150  10:20  Assimilator  
  154  10:33  Fleet Beacon, Stargate  
  154  10:37  Assimilator  
  154  10:38  Probe x4  
  158  11:01  Stargate, Immortal (Chrono Boost)  
  162  11:06  Zealot x8  
  178  11:14  Pylon  
  178  11:15  Pylon  
  178  11:27  Carrier (Chrono Boost)  
  178  11:29  Carrier (Chrono Boost)  
  175  11:54  Carrier (Chrono Boost), Protoss Air Weapons Level 1  
  171  12:01  Zealot x8  
  173  12:05  Protoss Ground Weapons Level 3  
  173  12:08  Photon Cannon  
  183  12:09  Shield Battery  
  183  12:15  Shield Battery  
  183  12:17  Dark Shrine  
  171  12:30  Zealot x8  
  171  12:36  Carrier (Chrono Boost)  
  169  12:52  Immortal  
  169  12:55  Carrier (Chrono Boost)  
  167  12:59  High Templar x3  
  167  13:00  High Templar  
  167  13:01  High Templar x2  
  167  13:02  High Templar x2  
  167  13:04  Archon x2  
  167  13:05  Archon  
  183  13:07  Archon  
  172  13:28  Carrier x2 (Chrono Boost)  
  172  13:33  Zealot x6  
  196  13:38  Zealot x2  
  170  13:51  Immortal (Chrono Boost)  
  166  14:04  Carrier (Chrono Boost)  
  172  14:10  Mothership (Chrono Boost)  
  172  14:14  Dark Templar  
  174  14:25  Zealot x5  
  174  14:26  High Templar x2  
  174  14:30  Observer (Chrono Boost)  
  188  14:33  Archon  
  188  14:35  Photon Cannon  
  181  14:52  Stalker x3  
  185  14:53  Zealot x3  
  185  14:56  Observer (Chrono Boost)  
  186  15:00  Zealot x2  
  172  15:12  Carrier (Chrono Boost)  
  172  15:22  Carrier (Chrono Boost)  
  172  15:25  Pylon  
  172  15:27  High Templar x2  
  176  15:32  High Templar  
  176  15:33  High Templar, Archon  
  176  15:38  Archon  
  176  15:39  Zealot x3, Warp Prism (Chrono Boost)  
  180  16:04  Zealot x4  
  180  16:09  Photon Cannon  
  180  16:10  Zealot x2  
  187  16:15  Zealot  

Tags
 
Add a new tag
Caveats
  • Supply blocks, unpowered buildings, or Contaminate may cause inaccurate times.
  • Supply counts are checked every 10 seconds.